[Event "PJKL 2008 D categorie"]
[Site "Roermond"]
[Date "2008.12.29"]
[Round "10"]
[White "Redman, Justin"]
[Black "Vink, Koen"]
[Result "0-1"]
[ECO "C20"]
[WhiteElo "448"]
[BlackElo "817"]
[PlyCount "58"]
[TimeControl "240+2"]

{1MB, Fritz10.ctg, ERIC-LAPTOP} 1. e4 e5 2. Bb5 Nf6 3. Bc4 Nxe4 4. Nf3 Bc5 5.
O-O d6 6. Ne1 Nc6 7. Qf3 Nf6 8. Nc3 Bg4 9. Qg3 Rg8 10. Bb3 d5 11. Nd3 Bd6 12.
a4 Bf5 13. Ne1 e4 14. Nxd5 Bxg3 15. hxg3 Nxd5 16. Bc4 Be6 17. f4 Nf6 18. Bxe6
fxe6 19. f5 exf5 20. Rxf5 g6 21. Rf1 Rf8 22. d3 exd3 23. cxd3 Qd4+ 24. Kh1 Nd7
25. Bh6 Rxf1+ 26. Kh2 Qg1+ 27. Kh3 Qh1+ 28. Kg4 Qxh6 29. Rd1 Qh5# 0-1

[Event "PJKL 2008 D categorie"]
[Site "Roermond"]
[Date "2008.12.29"]
[Round "11"]
[White "Steinbusch, Milan"]
[Black "Redman, Justin"]
[Result "1-0"]
[ECO "A40"]
[WhiteElo "763"]
[BlackElo "448"]
[PlyCount "41"]
[TimeControl "240+2"]

{1MB, Fritz10.ctg, ERIC-LAPTOP} 1. Nf3 e6 2. d4 Nc6 3. Bf4 Bc5 4. dxc5 Qf6 5.
Nc3 Qxf4 6. e3 Qf6 7. Nb5 Nh6 8. Nxc7+ Kd8 9. Nxa8 Ne5 10. Nxe5 Qxe5 11. Bb5
Nf5 12. g4 Ne7 13. Qd2 Nd5 14. Qa5+ b6 15. cxb6 axb6 16. Nxb6 Qxb2 17. Nc4+ Ke8
18. Nxb2 Ne7 19. O-O-O Nc6 20. Bxc6 dxc6 21. Qd8# 1-0

[Event "PJKL 2008 D categorie"]
[Site "Roermond"]
[Date "2008.12.29"]
[Round "11"]
[White "Huibers, Lars"]
[Black "Hegge, Freek"]
[Result "1-0"]
[ECO "C42"]
[WhiteElo "933"]
[BlackElo "888"]
[PlyCount "89"]
[TimeControl "240+2"]

{1MB, Fritz10.ctg, ERIC-LAPTOP} 1. e4 e5 2. Nf3 Nc6 3. Bc4 Nf6 4. Nc3 Bb4 5. d3
O-O 6. O-O d6 7. a3 Bxc3 8. bxc3 Bg4 9. h3 Bxf3 10. Qxf3 Qd7 11. Bg5 d5 12.
exd5 Nxd5 13. Bxd5 Rad8 14. Bxd8 Rxd8 15. c4 Nd4 16. Qe4 c6 17. Qxe5 c5 18. c3
Nc2 19. Ra2 Nxa3 20. Rxa3 Qd6 21. Qxd6 Rxd6 22. Bxb7 Rxd3 23. Rxa7 h6 24. Be4
Rd8 25. Rfa1 g6 26. Ra8 Rxa8 27. Rxa8+ Kg7 28. Rc8 f5 29. Bd5 Kf6 30. Rxc5 g5
31. Rb5 Ke7 32. c5 Kd7 33. c6+ Kd6 34. c4 Kc7 35. Rb7+ Kc8 36. c7 Kd7 37. Bc6+
Kc8 38. Kf1 h5 39. Ke2 g4 40. Kd3 f4 41. Be4 f3 42. gxf3 g3 43. fxg3 h4 44.
gxh4 Kd7 45. Bf5+ 1-0

[Event "PJKL 2008 D categorie"]
[Site "Roermond"]
[Date "2008.12.29"]
[Round "11"]
[White "Terwel, Diederick"]
[Black "Maessen, Roy"]
[Result "0-1"]
[ECO "B01"]
[WhiteElo "976"]
[BlackElo "1330"]
[PlyCount "74"]
[TimeControl "240+2"]

{1MB, Fritz10.ctg, ERIC-LAPTOP} 1. e4 d5 2. exd5 Nf6 3. Bc4 Nxd5 4. Bxd5 Qxd5
5. Nc3 Qxg2 6. Qf3 Qxf3 7. Nxf3 Bf5 8. Nd5 Na6 9. d3 O-O-O 10. Be3 Rxd5 11.
Bxa7 b6 12. Ng5 Bg6 13. f4 Kb7 14. O-O-O Kxa7 15. h4 f6 16. Nf3 Bh5 17. Rdf1
Bxf3 18. Rxf3 e5 19. fxe5 Rxe5 20. Rf4 Bd6 21. Ra4 b5 22. Rg4 Rhe8 23. Rxg7
Re1+ 24. Rxe1 Rxe1+ 25. Kd2 Re7 26. Rg4 f5 27. Rg2 f4 28. Rf2 Nc5 29. d4 Ne6
30. Ke2 Nxd4+ 31. Kd2 f3 32. Kc3 Re2 33. Rxf3 Nxf3 34. Kb3 c5 35. Kc3 Be5+ 36.
Kb3 Nd4+ 37. Kc3 Rxc2+ 0-1

[Event "PJKL 2008 D categorie"]
[Site "Roermond"]
[Date "2008.12.29"]
[Round "11"]
[White "Schols, Jeroen"]
[Black "van den Berg, Dora Jane"]
[Result "1/2-1/2"]
[ECO "D00"]
[WhiteElo "870"]
[BlackElo "658"]
[PlyCount "128"]
[TimeControl "240+2"]

{1MB, Fritz10.ctg, ERIC-LAPTOP} 1. d4 d5 2. Nc3 e6 3. Nf3 Nc6 4. Bf4 Nb4 5. Nb5
Na6 6. e3 c6 7. Nc3 Qb6 8. Bxa6 bxa6 9. b3 Qb4 10. Qd2 a5 11. a3 Qb6 12. Na4
Qb5 13. Nc5 Bxc5 14. dxc5 Qxc5 15. Nd4 Ba6 16. b4 axb4 17. axb4 Qc4 18. Be5 f6
19. Bd6 e5 20. Ne6 Ne7 21. Nc7+ Kd7 22. Nxa8 Rxa8 23. Bxe7 Kxe7 24. Qd3 Qxd3
25. cxd3 Bxd3 26. Ra3 Bc4 27. f3 Rb8 28. Rxa7+ Ke6 29. Rxg7 Rxb4 30. Kf2 Ba2
31. Ra7 Rb2+ 32. Kg3 c5 33. Ra6+ Kf7 34. Rc1 c4 35. Rc3 d4 36. exd4 exd4 37.
Rxc4 Bxc4 38. Ra7+ Kg6 39. Rc7 Bf1 40. Rd7 Rd2 41. Rd6 d3 42. Kf4 Rd1 43. Ke3
h5 44. h4 Kf5 45. Rd5+ Kg6 46. g3 Ra1 47. Kd2 Ra2+ 48. Ke1 d2+ 49. Rxd2 Rxd2
50. Kxd2 Ba6 51. Ke3 Kf5 52. f4 Kg4 53. Kf2 Bb7 54. Ke3 Kxg3 55. f5 Bc8 56. Ke4
Kg4 57. Ke3 Bxf5 58. Kf2 Kxh4 59. Kg2 Bd3 60. Kh2 f5 61. Kh1 f4 62. Kh2 f3 63.
Kg1 f2+ 64. Kh2 f1=Q 1/2-1/2

[Event "PJKL 2008 D categorie"]
[Site "Roermond"]
[Date "2008.12.29"]
[Round "11"]
[White "Parren, Ashley"]
[Black "Schreibing, Dani"]
[Result "*"]
[ECO "C23"]
[WhiteElo "695"]
[BlackElo "624"]
[PlyCount "34"]
[TimeControl "240+2"]

{1MB, Fritz10.ctg, ERIC-LAPTOP} 1. e4 e5 2. Bc4 Nc6 3. Qf3 Nf6 4. d3 Bb4+ 5.
Bd2 Bxd2+ 6. Nxd2 O-O 7. Nh3 d5 8. exd5 Nxd5 9. Bxd5 Nb4 10. O-O-O {In de parti
j is bij de rokade echter de koning naar b1 en de toren naar c1 verplaatst.}
Nxd5 11. Qg3 Qe7 12. Ng5 Qb4 13. Qh3 h6 14. Nge4 Bxh3 15. gxh3 Qd4 16. b3 Nc3 {
in de notatie staat hier schaak gemeld door de verkeerd uitgevoerde rokade.}
17. Nxc3 Qxc3 {18. Tcd1 Tad8 19. Pe4 Dd4 20. c3 Db6 21. Thg1 De6 22. Pc5 Dxh3
23. Th1 Df3 24. Tdf1 Txd3 25. Pxd3 Dxd3+ 26. Kc1 Dxc3+ 27. Kd1 Td8+ 28. Ke2
Td2+  29. Ke1 Dc1#} *

[Event "PJKL 2008 D categorie"]
[Site "Roermond"]
[Date "2008.12.29"]
[Round "11"]
[White "Damen, Ruben"]
[Black "Reijnders, Yari"]
[Result "1-0"]
[ECO "C41"]
[WhiteElo "886"]
[BlackElo "578"]
[PlyCount "81"]
[TimeControl "240+2"]

{1MB, Fritz10.ctg, ERIC-LAPTOP} 1. e4 e5 2. Bc4 d6 3. Nf3 f6 4. Nc3 Bg4 5. h3
Bxf3 6. Qxf3 Qe7 7. Nd5 Qe6 8. Nxc7+ Kd7 9. Nxe6 Nc6 10. Bb5 Kxe6 11. Qg4+ Ke7
12. Bxc6 bxc6 13. b3 g6 14. c4 d5 15. Ba3+ Ke8 16. Bxf8 Kxf8 17. exd5 cxd5 18.
cxd5 Nh6 19. Qd7 Re8 20. Qd6+ Re7 21. Qxf6+ Rf7 22. Qxh8+ Ng8 23. Qxe5 Re7 24.
Qxe7+ Kxe7 25. O-O-O Nf6 26. Rde1+ Kd6 27. Re6+ Kxd5 28. Rxf6 Ke5 29. Ra6 Kf5
30. g4+ Kg5 31. Ra5+ Kh6 32. f4 Kg7 33. f5 g5 34. Rf1 Kf6 35. Ra6+ Ke5 36. f6
Kd4 37. Ra4+ Ke5 38. f7 Kd5 39. f8=Q Ke6 40. Ra6+ Kd7 41. Rf7# 1-0

[Event "PJKL 2008 D categorie"]
[Site "Roermond"]
[Date "2008.12.29"]
[Round "11"]
[White "van Meegen, Judith"]
[Black "Broens, Damian"]
[Result "1-0"]
[ECO "C66"]
[WhiteElo "1157"]
[BlackElo "829"]
[PlyCount "43"]
[TimeControl "240+2"]

{1MB, Fritz10.ctg, ERIC-LAPTOP} 1. e4 e5 2. Nf3 Nc6 3. Nc3 Nf6 4. Bb5 d6 5. O-O
Bg4 6. d3 Be7 7. Bg5 O-O 8. h3 Bh5 9. Nd5 Nd4 10. Nxe7+ Qxe7 11. Bc4 Nxf3+ 12.
gxf3 Qd7 13. Kh2 b5 14. Bxf6 gxf6 15. Rg1+ Kh8 16. Bb3 a5 17. a4 bxa4 18. Rxa4
f5 19. Qd2 Bxf3 20. Qh6 Rg8 21. Qf6+ Rg7 22. Qxg7# 1-0

[Event "PJKL 2008 D categorie"]
[Site "Roermond"]
[Date "2008.12.29"]
[Round "12"]
[White "Reijnders, Yari"]
[Black "van Meegen, Judith"]
[Result "0-1"]
[ECO "C50"]
[WhiteElo "578"]
[BlackElo "1157"]
[PlyCount "98"]
[TimeControl "240+2"]

{1MB, Fritz10.ctg, ERIC-LAPTOP} 1. e4 e5 2. Bc4 Nf6 3. d3 Nc6 4. Nf3 Bc5 5. Ng5
d5 6. Bxd5 Nxd5 7. exd5 Qxd5 8. Nc3 Qxg2 9. Rf1 Bg4 10. Qd2 h6 11. Nge4 Bd4 12.
Nd5 Rc8 13. c3 Bb6 14. Nxb6 axb6 15. f3 Bh3 16. Qxg2 Bxg2 17. Rg1 Bxf3 18. Nf2
O-O 19. Be3 Rfe8 20. Ng4 Bxg4 21. Rxg4 Kh7 22. d4 exd4 23. cxd4 f5 24. Rf4 g6
25. Rc1 Nb4 26. Ra1 Nd5 27. Kf2 Nxf4 28. Bxf4 c6 29. Rc1 Rcd8 30. Rd1 Re4 31.
Be5 Rxe5 32. dxe5 Rxd1 33. Ke2 Rd7 34. e6 Re7 35. a4 Rxe6+ 36. Kd3 Re4 37. b3
b5 38. axb5 cxb5 39. Kc3 g5 40. h3 h5 41. b4 g4 42. hxg4 hxg4 43. Kb3 g3 44.
Kc2 g2 45. Kd3 g1=Q 46. Kd2 Qg3 47. Kd1 Qf3+ 48. Kc1 Re2 49. Kb1 Qf1# 0-1

[Event "PJKL 2008 D categorie"]
[Site "Roermond"]
[Date "2008.12.29"]
[Round "12"]
[White "Schreibing, Dani"]
[Black "Damen, Ruben"]
[Result "0-1"]
[ECO "C48"]
[WhiteElo "624"]
[BlackElo "886"]
[PlyCount "64"]
[TimeControl "240+2"]

{1MB, Fritz10.ctg, ERIC-LAPTOP} 1. e4 e5 2. Nf3 Nf6 3. Nc3 Bc5 4. Bb5 Nc6 5.
O-O a6 6. Bxc6 dxc6 7. Nxe5 Bd6 8. d4 O-O 9. Bg5 b5 10. Qf3 c5 11. Qg3 cxd4 12.
Bh6 Nh5 13. Qf3 dxc3 14. Qxh5 Qf6 15. Bf4 h6 16. bxc3 a5 17. Rab1 b4 18. cxb4
axb4 19. Rb2 Ra5 20. Rb3 Bxe5 21. Bxe5 Rxe5 22. Qe2 Ba6 23. Qd2 Bxf1 24. Kxf1
Qa6+ 25. Kg1 Qxa2 26. Qxb4 Qxc2 27. Rb1 Rxe4 28. Qb7 Qe2 29. g3 Re6 30. Qxc7
Rf6 31. Rb8 Qxf2+ 32. Kh1 Qf1# 0-1

[Event "PJKL 2008 D categorie"]
[Site "Roermond"]
[Date "2008.12.29"]
[Round "12"]
[White "van den Berg, Dora Jane"]
[Black "Parren, Ashley"]
[Result "0-1"]
[ECO "C22"]
[WhiteElo "658"]
[BlackElo "695"]
[PlyCount "56"]
[TimeControl "240+2"]

{1MB, Fritz10.ctg, ERIC-LAPTOP} 1. e4 e5 2. d4 exd4 3. Qxd4 Nc6 4. Qd5 Nf6 5.
Qg5 Qe7 6. Bc4 Qxe4+ 7. Ne2 Qxc4 8. Qe3+ Be7 9. Bd2 Ng4 10. Qf4 Qe6 11. f3 Nh6
12. Qxc7 Nd4 13. Nbc3 Nxc2+ 14. Kf2 Nxa1 15. Nb5 O-O 16. Ned4 Qd5 17. f4 Bc5
18. Qe5 Qc4 19. Bc3 Bxd4+ 20. Bxd4 Qc2+ 21. Kg3 Nf5+ 22. Kg4 Nh6+ 23. Kh3 d6+
24. Kh4 dxe5 25. fxe5 Nf5+ 26. Kh5 Qe2+ 27. Kg5 Nxd4 28. Nxd4 Qg4# 0-1

[Event "PJKL 2008 D categorie"]
[Site "Roermond"]
[Date "2008.12.29"]
[Round "12"]
[White "Maessen, Roy"]
[Black "van der Laan, Daniel"]
[Result "1-0"]
[ECO "D02"]
[WhiteElo "1330"]
[BlackElo "593"]
[PlyCount "73"]
[TimeControl "240+2"]

{1MB, Fritz10.ctg, ERIC-LAPTOP} 1. d4 d5 2. Nf3 f6 3. e3 Bg4 4. Be2 Bxf3 5.
Bxf3 e5 6. dxe5 fxe5 7. Bxd5 Bb4+ 8. c3 c6 9. Bf7+ Kxf7 10. Qxd8 Be7 11. Qd3
Nf6 12. Nd2 Rd8 13. Qc4+ Rd5 14. e4 Nxe4 15. Nxe4 b5 16. Ng5+ Bxg5 17. Qg4 Bxc1
18. Rxc1 g6 19. h4 h5 20. Qf3+ Ke6 21. g4 Nd7 22. gxh5 gxh5 23. Qxh5 Nf6 24.
Qe2 e4 25. Rd1 Rad8 26. Rxd5 cxd5 27. Qxb5 Nd7 28. Ke2 Nb8 29. f3 a6 30. Qb6+
Ke7 31. fxe4 dxe4 32. Rd1 Rh8 33. Rd6 Nd7 34. Qc7 Rxh4 35. Qxd7+ Kf8 36. Rc6
Rh7 37. Rc8# 1-0

[Event "PJKL 2008 D categorie"]
[Site "Roermond"]
[Date "2008.12.29"]
[Round "12"]
[White "Hegge, Freek"]
[Black "Terwel, Diederick"]
[Result "0-1"]
[ECO "B40"]
[WhiteElo "888"]
[BlackElo "976"]
[PlyCount "90"]
[TimeControl "240+2"]

{1MB, Fritz10.ctg, ERIC-LAPTOP} 1. e4 c5 2. Nf3 Nc6 3. Nc3 Nf6 4. g3 e6 5. Bg2
d5 6. e5 Ng4 7. O-O Ngxe5 8. d4 cxd4 9. Nxd4 Nxd4 10. Qxd4 Nc6 11. Qd3 Bd6 12.
Bd2 O-O 13. Rfe1 Nb4 14. Qe3 Nxc2 15. Qf3 Nxa1 16. Rxa1 Qb6 17. Na4 Qb5 18. b3
Qd7 19. Bc3 b5 20. Qg4 f6 21. Nb2 e5 22. Bxd5+ Kh8 23. Qh4 Rb8 24. Be4 f5 25.
Bc2 b4 26. Bd2 Be7 27. Qh3 Qxd2 28. Bd3 Qxb2 29. Rb1 Qd4 30. Rd1 Bc5 31. Rd2 e4
32. Qf1 exd3 33. Rxd3 Qe4 34. Qd1 f4 35. Rd8 Kg8 36. Rd2 fxg3 37. Qf1 gxf2+ 38.
Rxf2 Bxf2+ 39. Qxf2 Rxf2 40. Kxf2 Rb5 41. h4 Rf5+ 42. Kg3 Qf4+ 43. Kg2 Qg4+ 44.
Kh2 Rh5 45. Kh1 Rxh4# 0-1

[Event "PJKL 2008 D categorie"]
[Site "Roermond"]
[Date "2008.12.29"]
[Round "12"]
[White "Redman, Justin"]
[Black "Huibers, Lars"]
[Result "0-1"]
[ECO "C55"]
[WhiteElo "448"]
[BlackElo "933"]
[PlyCount "48"]
[TimeControl "240+2"]

{1MB, Fritz10.ctg, ERIC-LAPTOP} 1. e4 e5 2. Bc4 Nf6 3. Nf3 Nc6 4. Nc3 Bc5 5.
O-O O-O 6. a3 d6 7. d4 exd4 8. Nd5 Nxd5 9. exd5 Ne5 10. Bg5 f6 11. Bf4 Nxc4 12.
Re1 Re8 13. Rf1 Bg4 14. Nh4 Bxd1 15. Rfxd1 g5 16. Nf5 gxf4 17. Nh6+ Kg7 18. Ng4
f5 19. b3 Nb2 20. Rdb1 fxg4 21. Rxb2 f3 22. gxf3 gxf3 23. h3 Qg5+ 24. Kh2 Qg2#
0-1

[Event "PJKL 2008 D categorie"]
[Site "Roermond"]
[Date "2008.12.29"]
[Round "12"]
[White "Vink, Koen"]
[Black "Steinbusch, Milan"]
[Result "1/2-1/2"]
[ECO "B00"]
[WhiteElo "817"]
[BlackElo "763"]
[PlyCount "69"]
[TimeControl "240+2"]

{1MB, Fritz10.ctg, ERIC-LAPTOP} 1. e4 Nc6 2. Bb5 Nf6 3. d3 a6 4. Bxc6 bxc6 5.
Nf3 d5 6. exd5 cxd5 7. d4 Bg4 8. Nc3 Ne4 9. Nxe4 dxe4 10. O-O exf3 11. gxf3 Bh3
12. Re1 Qd6 13. Qd3 Rb8 14. f4 Qd5 15. Qe4 Qh5 16. Re3 Qd1+ 17. Re1 Qg4+ 18.
Kh1 f5 19. Qc6+ Kd8 20. Rg1 Rb6 21. Qa8+ Kd7 22. Rxg4 Bxg4 23. Qd5+ Rd6 24. Qa5
Bf3+ 25. Kg1 Rxd4 26. Be3 Rd5 27. Qa4+ c6 28. c4 Rd6 29. c5 Rg6+ 30. Kf1 Bg2+
31. Ke1 e5 32. Rd1+ Bd5 33. fxe5 Rg1+ 34. Ke2 Rxd1 35. Qxd1 1/2-1/2

[Event "PJKL 2008 D categorie"]
[Site "Roermond"]
[Date "2008.12.30"]
[Round "13"]
[White "Huibers, Lars"]
[Black "Vink, Koen"]
[Result "1-0"]
[ECO "C50"]
[WhiteElo "933"]
[BlackElo "817"]
[PlyCount "145"]
[TimeControl "240+2"]

{1MB, Fritz10.ctg, ERIC-LAPTOP} 1. e4 e5 2. Nf3 Nc6 3. Bc4 Nf6 4. Nc3 Bc5 5.
O-O d6 6. d3 O-O 7. Bg5 Bg4 8. h3 Bxf3 9. Qxf3 Nd4 10. Qd1 h6 11. Bh4 c6 12.
Qd2 b5 13. Bb3 Nxb3 14. cxb3 b4 15. Ne2 d5 16. exd5 cxd5 17. a3 bxa3 18. bxa3
a5 19. d4 e4 20. dxc5 Qe7 21. Qd4 Rab8 22. b4 a4 23. Bxf6 gxf6 24. Qxd5 Rfd8
25. Qh5 Rd2 26. Rfe1 e3 27. Rad1 exf2+ 28. Kxf2 Rxd1 29. Rxd1 Re8 30. Rd2 Qe3+
31. Kf1 Qxd2 32. c6 Qd1+ 33. Kf2 Rc8 34. b5 f5 35. Qxf5 Re8 36. Qh5 Rc8 37.
Qg4+ Kh7 38. Qxc8 Qa1 39. b6 Qf6+ 40. Ke3 Qe5+ 41. Kd3 Qb5+ 42. Kd4 Qxb6+ 43.
Kd5 Qb5+ 44. Kd6 Qd3+ 45. Kc7 Qxe2 46. Kb8 Qb2+ 47. Qb7 Qe5+ 48. c7 f6 49. Ka8
Qa5+ 50. Qa7 Qd5+ 51. Kb8 Qb5+ 52. Qb7 Qe5 53. Qb6 f5 54. Ka7 Qe7 55. Kb8 Qe5
56. Ka8 Qe4+ 57. Qb7 Qxb7+ 58. Kxb7 Kg6 59. c8=Q Kf6 60. Qe8 Kg5 61. g3 f4 62.
gxf4+ Kxf4 63. Qe6 h5 64. Kc6 h4 65. Kd5 Kf3 66. Qe4+ Kg3 67. Qf5 Kg2 68. Ke4
Kg3 69. Qf3+ Kh2 70. Ke3 Kg1 71. Qe2 Kh1 72. Kf3 Kg1 73. Qg2# 1-0

[Event "PJKL 2008 D categorie"]
[Site "Roermond"]
[Date "2008.12.30"]
[Round "13"]
[White "Terwel, Diederick"]
[Black "Redman, Justin"]
[Result "1-0"]
[ECO "C44"]
[WhiteElo "976"]
[BlackElo "448"]
[PlyCount "67"]
[TimeControl "240+2"]

{1MB, Fritz10.ctg, ERIC-LAPTOP} 1. e4 e5 2. Nf3 Nc6 3. d4 d5 4. dxe5 dxe4 5.
Qxd8+ Kxd8 6. Ng5 Bf5 7. Nxf7+ Kc8 8. Nxh8 Nxe5 9. Bf4 Nd7 10. Nf7 Bc5 11. Bc4
Nb6 12. Nd6+ cxd6 13. Bxg8 Bb4+ 14. c3 Bc5 15. O-O d5 16. b4 Bf8 17. Nd2 Be7
18. f3 Bf6 19. fxe4 dxe4 20. Rac1 Kd7 21. Bb3 Rc8 22. c4 Be6 23. Rcd1 Ke7 24.
Rde1 Nxc4 25. Nxc4 Rd8 26. Rxe4 g5 27. Bg3 g4 28. Ne3 h5 29. Rxe6+ Kf7 30. Rd6+
Ke7 31. Rxd8 Kxd8 32. Rd1+ Ke8 33. Nf5 Kf8 34. Rd8+ 1-0

[Event "PJKL 2008 D categorie"]
[Site "Roermond"]
[Date "2008.12.30"]
[Round "13"]
[White "van der Laan, Daniel"]
[Black "Hegge, Freek"]
[Result "0-1"]
[ECO "C20"]
[WhiteElo "593"]
[BlackElo "888"]
[PlyCount "54"]
[TimeControl "240+2"]

{1MB, Fritz10.ctg, ERIC-LAPTOP} 1. e4 e5 2. Qh5 Nf6 3. Qxe5+ Be7 4. Qf5 d6 5.
Qg5 O-O 6. Nf3 Nxe4 7. Qg4 Bxg4 8. Bd3 Nf6 9. O-O c5 10. Re1 d5 11. Re5 Nc6 12.
Rg5 Bxf3 13. gxf3 c4 14. Be2 Bd6 15. d3 h6 16. Rg2 Nd4 17. Bxh6 Nh5 18. Nc3 Re8
19. dxc4 g6 20. f4 Nxe2+ 21. Nxe2 Rxe2 22. Rg4 Qf6 23. Rd1 dxc4 24. Rd5 Rae8
25. Bg5 Qe6 26. f5 Qxd5 27. fxg6 Re1# 0-1

[Event "PJKL 2008 D categorie"]
[Site "Roermond"]
[Date "2008.12.30"]
[Round "13"]
[White "Schols, Jeroen"]
[Black "Maessen, Roy"]
[Result "0-1"]
[ECO "A41"]
[WhiteElo "870"]
[BlackElo "1330"]
[PlyCount "70"]
[TimeControl "240+2"]

{1MB, Fritz10.ctg, ERIC-LAPTOP} 1. d4 d6 2. Nf3 g6 3. Nc3 Bg7 4. Bd2 Nf6 5. e3
O-O 6. Bd3 Nbd7 7. O-O Re8 8. Ng5 h6 9. Nf3 e5 10. dxe5 dxe5 11. e4 Nc5 12. Bc4
Ncxe4 13. Nxe4 Nxe4 14. Qc1 Nxd2 15. Nxd2 Be6 16. Rd1 Qh4 17. Nf3 Qxc4 18. Re1
Bg4 19. b3 Qc6 20. Re3 Bxf3 21. Rxf3 e4 22. Re3 Bxa1 23. Qxa1 Rad8 24. f3 Qxc2
25. h3 Rd1+ 26. Qxd1 Qxd1+ 27. Kh2 Qd4 28. Re2 Qd6+ 29. g3 e3 30. h4 Qd1 31.
Rxe3 Rxe3 32. f4 Qg4 33. a3 Re2+ 34. Kg1 Qxg3+ 35. Kf1 Qg2# 0-1

[Event "PJKL 2008 D categorie"]
[Site "Roermond"]
[Date "2008.12.30"]
[Round "13"]
[White "Damen, Ruben"]
[Black "van den Berg, Dora Jane"]
[Result "1-0"]
[ECO "A00"]
[WhiteElo "886"]
[BlackElo "658"]
[PlyCount "79"]
[TimeControl "240+2"]

{1MB, Fritz10.ctg, ERIC-LAPTOP} 1. e4 d5 2. Nc3 dxe4 3. Nxe4 e5 4. Nf3 Nc6 5.
Bc4 Bf5 6. d3 Nb4 7. Nfg5 Nh6 8. a3 f6 9. axb4 fxg5 10. Bxg5 Bxb4+ 11. c3 Qd4
12. Qc2 Ng4 13. O-O Qd7 14. cxb4 h6 15. Nc5 Qc6 16. h3 Nxf2 17. Rxf2 g6 18. Be3
b6 19. Ne4 h5 20. Re2 Rd8 21. Qc3 Bxe4 22. dxe4 Qxe4 23. Bg5 Rd6 24. Rxe4 Rf8
25. Qxe5+ Kd7 26. Be6+ Kc6 27. Rc4+ Kb7 28. Rd4 Rxd4 29. Qxd4 Re8 30. Qd5+ Kb8
31. Qc6 Rf8 32. Bd5 Kc8 33. Rf1 Rf5 34. Bf4 Kd8 35. Qxc7+ Ke8 36. Bc6+ Kf8 37.
Bd6+ Kg8 38. Rxf5 gxf5 39. Be5 Kf8 40. Qg7# 1-0

[Event "PJKL 2008 D categorie"]
[Site "Roermond"]
[Date "2008.12.30"]
[Round "13"]
[White "van Meegen, Judith"]
[Black "Schreibing , Dani"]
[Result "1-0"]
[ECO "C49"]
[WhiteElo "1157"]
[BlackElo "624"]
[PlyCount "79"]
[TimeControl "240+2"]

{1MB, Fritz10.ctg, ERIC-LAPTOP} 1. e4 e5 2. Nf3 Nc6 3. Nc3 Nf6 4. Bb5 Bb4 5.
O-O O-O 6. d3 d6 7. Bg5 Bg4 8. h3 Bxf3 9. Qxf3 h6 10. Bh4 Nd4 11. Qd1 Nxb5 12.
Nxb5 d5 13. exd5 Qxd5 14. Nxc7 Qd6 15. Nxa8 Rxa8 16. c3 Ba5 17. b4 Bc7 18. Qf3
e4 19. Qg3 Qd5 20. Qxc7 Ne8 21. Qc4 Qh5 22. Qxe4 Nf6 23. Bxf6 gxf6 24. Qg4+
Qxg4 25. hxg4 Rd8 26. Rad1 Rd5 27. Rfe1 Kf8 28. c4 Rg5 29. f3 h5 30. gxh5 Rxh5
31. d4 f5 32. d5 f4 33. d6 f5 34. d7 Rh8 35. Re8+ Kg7 36. Rxh8 Kxh8 37. d8=Q+
Kg7 38. Rd6 Kf7 39. Qc7+ Kf8 40. Rd8# 1-0

[Event "PJKL 2008 D categorie"]
[Site "Roermond"]
[Date "2008.12.30"]
[Round "14"]
[White "Schreibing, Dani"]
[Black "Broens, Damian"]
[Result "0-1"]
[ECO "C65"]
[WhiteElo "624"]
[BlackElo "879"]
[PlyCount "28"]
[TimeControl "240+2"]

{1MB, Fritz10.ctg, ERIC-LAPTOP} 1. e4 e5 2. Nf3 Nc6 3. Nc3 Nf6 4. Bb5 d6 5. O-O
Be7 6. d4 O-O 7. Bg5 Bg4 8. Bxf6 Bxf6 9. dxe5 Nxe5 10. Nd5 Nxf3+ 11. gxf3 Bh3
12. Nxf6+ Qxf6 13. Re1 Qg6+ 14. Kh1 Qg2# 0-1

[Event "PJKL 2008 D categorie"]
[Site "Roermond"]
[Date "2008.12.30"]
[Round "14"]
[White "van den Berg, Dora Jane"]
[Black "van Meegen, Judith"]
[Result "0-1"]
[ECO "C20"]
[WhiteElo "658"]
[BlackElo "1157"]
[PlyCount "50"]
[TimeControl "240+2"]

{1MB, Fritz10.ctg, ERIC-LAPTOP} 1. e4 e5 2. Qh5 Nc6 3. Nf3 Nf6 4. Qg5 h6 5. Qg3
d6 6. Bc4 Nxe4 7. Qxg7 Bxg7 8. Bd5 Nf6 9. Bc4 Nb4 10. Na3 Bf5 11. d3 e4 12.
Bb5+ c6 13. dxe4 Bxe4 14. Nd4 cxb5 15. Bd2 a5 16. O-O-O O-O 17. Ndxb5 Nxa2+ 18.
Kb1 Nb4 19. Nc4 Qc8 20. b3 d5 21. Bxb4 axb4 22. Nd4 dxc4 23. bxc4 Qxc4 24. Rhe1
Qc3 25. Re2 Qa1# 0-1

[Event "PJKL 2008 D categorie"]
[Site "Roermond"]
[Date "2008.12.30"]
[Round "14"]
[White "Maessen, Roy"]
[Black "Parren, Ashley"]
[Result "1-0"]
[ECO "D02"]
[WhiteElo "1330"]
[BlackElo "695"]
[PlyCount "37"]
[TimeControl "240+2"]

{1MB, Fritz10.ctg, ERIC-LAPTOP} 1. d4 d5 2. Nf3 Nc6 3. e3 Bg4 4. Be2 Qd6 5. a3
O-O-O 6. O-O Bxf3 7. Bxf3 Nf6 8. b3 b6 9. Bb2 e5 10. dxe5 Nxe5 11. Bxe5 Qxe5
12. Nd2 d4 13. Nc4 Qc5 14. Bg4+ Nxg4 15. Qxg4+ Rd7 16. Rad1 f5 17. Qh5 g6 18.
Qf3 dxe3 19. Qa8# 1-0

[Event "PJKL 2008 D categorie"]
[Site "Roermond"]
[Date "2008.12.30"]
[Round "14"]
[White "Hegge, Freek"]
[Black "Schols, Jeroen"]
[Result "0-1"]
[ECO "C47"]
[WhiteElo "888"]
[BlackElo "870"]
[PlyCount "70"]
[TimeControl "240+2"]

{1MB, Fritz10.ctg, ERIC-LAPTOP} 1. e4 e5 2. Nf3 Nc6 3. Nc3 Nf6 4. g3 Bb4 5. d3
Bxc3+ 6. bxc3 d6 7. Bg2 O-O 8. O-O b6 9. Rb1 Be6 10. Bg5 Bxa2 11. Rb2 Be6 12.
Qd2 Bg4 13. Qe2 a5 14. c4 Nd4 15. Qd1 c5 16. c3 Nxf3+ 17. Bxf3 Bh3 18. Bg2 Qc8
19. Bxf6 gxf6 20. Rxb6 Bg4 21. Qd2 Qc7 22. Rxd6 Qxd6 23. d4 exd4 24. cxd4 cxd4
25. e5 fxe5 26. Bxa8 Rxa8 27. Qg5+ Qg6 28. Qxe5 Bh3 29. Re1 Rb8 30. Qxb8+ Kg7
31. Qa8 h6 32. Qxa5 Qc6 33. Qd5 Qb6 34. Re7 Qb1+ 35. Re1 Qxe1# 0-1

[Event "PJKL 2008 D categorie"]
[Site "Roermond"]
[Date "2008.12.30"]
[Round "14"]
[White "Redman, Justin"]
[Black "van der Laan, Daniel"]
[Result "0-1"]
[ECO "B01"]
[WhiteElo "448"]
[BlackElo "593"]
[PlyCount "164"]
[TimeControl "240+2"]

{1MB, Fritz10.ctg, ERIC-LAPTOP} 1. e4 d5 2. Qf3 Nf6 3. Nc3 Bg4 4. Qe3 e5 5. f3
Be6 6. Qe2 Nc6 7. Nb1 Nb4 8. Qd1 Bc5 9. d3 Bxg1 10. Rxg1 d4 11. c3 dxc3 12.
bxc3 Nc6 13. d4 exd4 14. cxd4 Nxd4 15. Bd3 O-O 16. Nc3 Nc6 17. Bb2 Nb4 18. Ne2
Nxd3+ 19. Kf1 Nxb2 20. Qb1 Nc4 21. Ng3 Ne3+ 22. Kf2 Nc4 23. h4 Qd2+ 24. Kf1 Qb2
25. Qe1 Ne5 26. Rb1 Qxa2 27. Ra1 Qc4+ 28. Kf2 Rfd8 29. Rc1 Qa2+ 30. Kf1 Qd2 31.
Rxc7 Qxe1+ 32. Kxe1 Nd3+ 33. Ke2 Nb4 34. Rxb7 Nc6 35. Rc1 Rdc8 36. f4 Bg4+ 37.
Kf2 a5 38. Ra1 Rd8 39. Rb6 Nd4 40. h5 Nc2 41. Rc1 Rdc8 42. e5 Nd5 43. Kg1 a4
44. Rb5 Nc3 45. Rb2 Bf5 46. Nxf5 a3 47. Rb3 a2 48. Kf2 Ra4 49. Rf1 a1=Q 50.
Rxa1 Rxa1 51. Rb2 Rc1 52. Nd6 Rc6 53. Nf5 g6 54. hxg6 hxg6 55. Ne7+ Kf8 56.
Nxc6 Na4 57. Rb8+ Kg7 58. Nd8 Kh6 59. Nxf7+ Kh5 60. g3 Kg4 61. e6 Re1 62. Ng5
Kf5 63. Rb6 Nxb6 64. Kf3 Rf1+ 65. Ke2 Re1+ 66. Kf2 Nd5 67. Kf3 Nd4+ 68. Kf2
Re2+ 69. Kf1 Ne3+ 70. Kg1 Kg4 71. e7 Ng2 72. f5 gxf5 73. Kh2 Nh4+ 74. Kg1 Kxg5
75. Kf1 Rxe7 76. gxh4+ Kxh4 77. Kg1 f4 78. Kf1 f3 79. Kf2 Re2+ 80. Kf1 f2 81.
Kg2 Kg4 82. Kh2 f1=Q# 0-1

[Event "PJKL 2008 D categorie"]
[Site "Roermond"]
[Date "2008.12.30"]
[Round "14"]
[White "Vink, Koen"]
[Black "Terwel, Diederick"]
[Result "*"]
[ECO "B30"]
[WhiteElo "817"]
[BlackElo "976"]
[PlyCount "96"]
[TimeControl "240+2"]

{1MB, Fritz10.ctg, ERIC-LAPTOP} 1. e4 c5 2. Nc3 Nc6 3. Nf3 e5 4. Bb5 Bd6 5. d3
Nf6 6. Be3 O-O 7. O-O a6 8. Bxc6 dxc6 9. Ng5 h6 10. Nf3 Qb6 11. Rb1 Ng4 12. Qe2
Nxe3 13. Qxe3 Be6 14. Na4 Qa5 15. b3 b5 16. Nb2 Qxa2 17. Qc1 Bg4 18. Ra1 Qxa1
19. Qxa1 Rfc8 20. Nd2 Rab8 21. h3 Bh5 22. c4 bxc4 23. dxc4 f6 24. Na4 Bg6 25.
f3 Rd8 26. Qb2 Be7 27. Rd1 Bh5 28. g4 Bg6 29. Qb1 Rd7 30. Nf1 Rdb7 31. Rd3 Rb4
32. Nc3 Rxb3 33. Qc2 Rb2 34. Qc1 R2b3 35. Rd7 Bf8 36. Nd1 Rb1 37. Qc2 Be8 38.
Rd3 R1b7 39. Nc3 Rb2 40. Qa4 R8b4 41. Qxa6 R2b3 42. Qc8 Rb8 43. Qe6+ Bf7 44.
Qxc6 Bxc4 45. Rd7 Rxc3 46. Qc7 Rcb3 47. Rd2 Rb1 48. Rc2 Bxf1 *